AoeStats
← KALTON69

Arabia

508644895Analyzed
1v1 RM · 10d ago on Sep 23, 2026· 40m 16s· 2 players
Game mode
Random Map
Map size
Tiny (2 player)
Population
200
Speed
Normal
Resources
Standard
Victory
Conquest
Starting age
Dark Age
Ending age
Imperial Age
RankedLock teamsTeams togetherTeam positionsShared explorationLock speedFull tech treeHidden civsTurbo modeCheats
Victory
Defeat
🇨🇳 Wei · China
727
+16
🇧🇷 Saxons · Brazil
722
-30
KALTON69
1:29 Loom
2:06 Loom
10:03 Feudal Age
17:19 Castle Age
19:20 Stone Mining
21:35 Sanctity
25:10 Town Watch
26:13 Wheelbarrow
26:08 Clerical Recruitment
31:53 Imperial Age
31:49 Fortified Wall
32:27 Hand Cart
32:13 Town Patrol
32:17 Murder Holes
32:32 Scale Mail Armor
32:43 Forging
33:00 Conscription
33:56 Chain Mail Armor
34:40 Iron Casting
34:44 Block Printing
35:05 Shield Wall
36:20 Double-Bit Axe
36:18 Horse Collar
37:57 Plate Mail Armor
38:54 Hoardings
39:22 Chemistry
38:15 Fletching
39:40 Bodkin Arrow
40:14 Ballistics
小左呀
6:56 Loom
11:36 Feudal Age
13:58 Scale Barding Armor
17:34 Double-Bit Axe
19:55 Fletching
23:21 Castle Age
21:34 Fletching
29:48 Bodkin Arrow
32:20 Tuntian
33:02 Forging
34:56 Wheelbarrow
34:37 Horse Collar
35:39 Heavy Plow
36:25 Bow Saw
38:18 Chain Barding Armor
38:37 Iron Casting
Connection lost

Rejoining the realm…

Still unreachable

The connection could not be restored.

Session expired

The server has moved on; the page needs a fresh start.